 Dungeon Crawl Stone Soup version 0.27-a0-279-gdfb9265905 (webtiles) character file.

Game seed: 9444228410747982922

73 Fenrir042 the Sneak (level 4, -3/21 HPs)
             Began as a Spriggan Enchanter on Feb 7, 2021.
             Was an Initiate of Dithmenos.
             Slain by an orc warrior
             ... wielding a +0 battleaxe
              (20 damage)
             ... on level 3 of the Dungeon.
             The game lasted 00:14:06 (2100 turns).

Fenrir042 the Sneak (Spriggan Enchanter)            Turns: 2100, Time: 00:14:06

Health: -3/21      AC:  2    Str:  4    XL:     4   Next: 8%
Magic:  2/10       EV: 18    Int: 16    God:    Dithmenos [......]
Gold:   130        SH:  0    Dex: 16    Spells: 7/10 levels left

rFire    . . .     SeeInvis +   a - +1 dagger
rCold    . . .     Faith    .   (shield restricted)
rNeg     . . .     Spirit   .   b - +0 robe
rPois    .         Reflect  .   (helmet restricted)
rElec    .         Harm     .   (no cloak)
rCorr    .         Rampage  .   (gloves unavailable)
Will     .....                  (boots unavailable)
Stlth    +++.......             (no amulet)
HPRegen  0.07/turn              (no ring)
MPRegen  0.12/turn              (no ring)

@: very quick
A: very small, unfitting armour, see invisible, speed 3
a: Renounce Religion


You were on level 3 of the Dungeon.
You worshipped Dithmenos.
Dithmenos was noncommittal.
You visited 1 branch of the dungeon, and saw 3 of its levels.

You collected 130 gold pieces.

Inventory:

Hand Weapons
 a - a +1 dagger (weapon)
Missiles
 e - 18 poisoned darts
Armour
 b - a +0 robe (worn)
 h - a +0 leather armour
Scrolls
 d - 4 scrolls of identify {unknown}
 g - a scroll of blinking {unknown}
 j - a scroll of fear {unknown}
 l - a scroll of immolation {unknown}
 m - a scroll of amnesia {unknown}
 n - 2 scrolls of noise {unknown}
Potions
 c - a potion of magic {unknown}
 f - a potion of lignification {unknown}
 i - a potion of heal wounds {unknown}
 k - 2 potions of curing {unknown}
 o - a potion of brilliance {unknown}


   Skills:
 * Level 1.6 Short Blades
 * Level 3.0 Dodging
 + Level 5.8 Stealth
 + Level 3.6 Spellcasting
 + Level 4.1 Hexes
 - Level 0.1 Ice Magic


You had 7 spell levels left.
You knew the following spells:

 Your Spells              Type           Power        Failure   Level
a - Corona                Hex            17%          3%          1
b - Ensorcelled Hibernat  Hex/Ice        18%          11%         2

Your spell library contained the following spells:

 Spells                   Type           Power        Failure   Level
 Confusing Touch          Hex            16%          10%         3
 Tukima's Dance           Hex            16%          10%         3
 Dazzling Flash           Conj/Hex       18%          22%         3


Dungeon Overview and Level Annotations

Branches:
Dungeon (3/15)

Altars:
Dithmenos
Elyvilon
Qazlal
Zin
The Shining One


Innate Abilities, Weirdness & Mutations

You are very small and have problems with some larger weapons.
You are too small for most types of armour.
You have supernaturally acute eyesight. (SInv)
You cover ground extremely quickly.


Message History

The orc warrior is almost dead.
The orc warrior closely misses you.
You hit the orc warrior but do no damage.
The orc warrior is almost dead.
You hit the orc warrior but do no damage.
The orc warrior is almost dead.
The orc warrior misses you.
You closely miss the orc warrior.
The orc warrior is almost dead.
The orc warrior hits you with a +0 battleaxe.
You closely miss the orc warrior.
The orc warrior is almost dead.
You barely miss the orc warrior.
The orc warrior is almost dead.
The orc warrior closely misses you.
You hit the orc warrior but do no damage.
The orc warrior is almost dead.
The orc warrior hits you with a +0 battleaxe!!
Ouch! That really hurt!
You die...

.##.##.......##........#
.......########.....##.##
.......##### #.....#.#.##
.##.#......# ######.###.#
.##.#<.###.## ###.#..#
.##.........##### #......#
.####..#.#......# #.####.#######.
.......#.#......###.####.#.......
####............@oo..........)...
#..#####.....##o#####.#.......
#..#####.....##.#####.#######.
#........######.##....# .
#.######## #.##.##.# #.#
#.......# #.# ####.#### #.#
######.# #.###########..†...#


You could see an orc warrior and 2 orcs.

Vanquished Creatures
  2 adders
  An ooze (D:2)
  2 worms (D:2)
  2 dart slugs
  A leopard gecko (D:2)
  A ball python (D:2)
  4 bats
  2 giant cockroaches
  5 goblins
  4 hobgoblins
  5 frilled lizards
  6 kobolds
  6 rats
41 creatures vanquished.

Notes
Turn   | Place    | Note
-------+----------+-------------------------------------------
     0 | D:1      | Fenrir042 the Spriggan Enchanter began the quest for the
                  | Orb.
     0 | D:1      | Reached XP level 1. HP: 9/9 MP: 5/5
   249 | D:1      | Reached XP level 2. HP: 8/13 MP: 4/6
   252 | D:1      | Learned a level 2 spell: Ensorcelled Hibernation
   914 | D:1      | Reached skill level 5 in Stealth
  1110 | D:2      | Reached XP level 3. HP: 16/16 MP: 5/8
  1233 | D:2      | Found a glowing golden altar of the Shining One.
  1235 | D:2      | Found a white marble altar of Elyvilon.
  1239 | D:2      | Found a glowing silver altar of Zin.
  1285 | D:2      | Found a stormy altar of Qazlal.
  1369 | D:2      | Found a shadowy altar of Dithmenos.
  1372 | D:2      | Became a worshipper of Dithmenos the Shadowed
  1920 | D:3      | Reached XP level 4. HP: 18/21 MP: 5/10
  2054 | D:3      | Noticed an orc warrior
  2100 | D:3      | Slain by an orc warrior

Illustrated notes

Levels and vault maps discovered:
D:1:      eino_arrival_water_star, layout_basic
D:2:      layout_basic, good_gods_temple_1, old_standard_altar,
          grunt_dithmenos_smoke_and_mirrors
D:3:      layout_loops_cross, roderic_roman_lattice, st_stairs_1,
          glass_columns_a, kennysheep_generic_room_7

Skill      XL: |  1  2  3 |
---------------+----------+-----
Spellcasting   | 3 |  3.6
Stealth        | 5 |  5.8
Hexes          | 4 |  4.1
Dodging        | 3 |  3.0
Short Blades   | |  1.6
Ice Magic      | |  0.1

Action                   |  1- 3 |  4- 6 || total
-------------------------+-------+-------++-------
Melee: Dagger            |    87 |    13 ||   100
 Cast: Corona            |     8 |       ||     8
       Ensorcelled Hiber |    17 |     5 ||    22
 Stab: Sleeping          |    24 |     1 ||    25
Armor: Robe              |     7 |       ||     7
Dodge: Dodged            |    53 |    11 ||    64

Table legend: (Time is in decaauts)
 A = Elapsed time spent in this place.
 B = Non-inter-level travel time spent in this place.
 C = Inter-level travel time spent in this place.
 D = Time resting spent in this place.
 E = Time spent auto-exploring this place.
 F = Levels seen in this place.
 G = Mean time per level.
                   A        B        C        D        E       F      G
               +--------+--------+--------+--------+--------+-----+--------+
         Total |   1572 |   1534 |     38 |      0 |   1227 |   3 |  524.0 |
       Dungeon |   1572 |   1534 |     38 |      0 |   1227 |   3 |  524.0 |
               +--------+--------+--------+--------+--------+-----+--------+

Top non-repeatable levels by time:
     D:1: 777 daAuts
     D:2: 569 daAuts
     D:3: 225 daAuts
